 Seeded DCSS version 0.30-a0-1075-gcd70e7a56d (webtiles) character file.

Game seed: 15754142637805177498 (custom seed)

295 Pimp the Firebug (level 6, -3/61 HPs)
             Began as a Demonspawn Fire Elementalist on Apr 14, 2023.
             Killed by divine providence
             ... invoked by an orc priest
              (13 damage)
             ... on level 3 of the Dungeon.
             The game lasted 00:07:10 (2449 turns).

Pimp the Firebug (Demonspawn Fire Elementalist)     Turns: 2449, Time: 00:07:11

Health: -3/61      AC: 23    Str:  8    XL:     6   Next: 11%
Magic:  0/10       EV:  2    Int: 22    God:
Gold:   164        SH:  0    Dex: 13    Spells: 8/11 levels left

rFire   . . .      SeeInvis .    h - staff of poison "Acaamema" {rPois Int+3}
rCold   . . .      Faith    .    (no shield)
rNeg    . . .      Spirit   +    a - melded +0 robe
rPois   +          Reflect  .    (helmet currently unavailable)
rElec   .          Rampage  .    c - melded +2 cloak
rCorr   .          NoTele   +    f - melded +1 pair of gloves
Will    .....                    (boots currently unavailable)
Stlth   ++                       (no amulet)
HPRegen 0.30/turn                (no ring)
MPRegen 0.24/turn                (no ring)

@: tree-form (expiring)
A: stationary, stasis, torment immunity, boosted hp, (horns 2), magic shield,
magic regeneration
a: no special abilities


You were on level 3 of the Dungeon.
You were a tree.
You visited 1 branch of the dungeon, and saw 3 of its levels.

You collected 164 gold pieces.

Inventory:

Hand Weapons
 d - a +0 dagger
 i - a +0 short sword
 o - a +0 spear of venom
Missiles
 n - a throwing net
Armour
 a - a +0 robe (melded)
 c - a +2 cloak (melded)
 f - a +1 pair of gloves (melded)
Magical Staves
 h - the staff of poison "Acaamema" (weapon) {rPois Int+3}
   (You acquired it on level 3 of the Dungeon)

   [staff of poison]

   Base accuracy: +5 Base damage: 5 Base attack delay: 1.2 This weapon's minimum
   attack delay (0.6) is reached at skill level 12.
   Int:       It affects your intelligence (+3).
   rPois:     It protects you from poison.
   It falls into the 'Staves' category.
   It is a one-handed weapon.
Scrolls
 j - a scroll of identify
Potions
 e - a potion of flight
 l - a potion of brilliance {unknown}


   Skills:
 + Level 3.0 Dodging
 - Level 3.1 Stealth
 + Level 3.1 Spellcasting
 + Level 2.7 Conjurations
 + Level 3.7 Fire Magic


You had 8 spell levels left.
You knew the following spells:

 Your Spells              Type           Power      Damage    Failure   Level
a - Foxfire               Conj/Fire      68%        2x1d7     3%          1
b - Scorch                Fire           38%        2d6       4%          2

Your spell library contained the following spells:

 Spells                   Type           Power      Damage    Failure   Level
 Beastly Appendage        Tmut           6%         N/A       12%         1
 Inner Flame              Hex/Fire       11%        N/A       17%         3
 Volatile Blastmotes      Fire/Tloc      22%        2d11      17%         3
 Wereblood                Tmut           3%         N/A       19%         2
 Flame Wave               Conj/Fire      17%        2d7       32%         4
 Spider Form              Tmut/Pois      5%         N/A       36%         3


Dungeon Overview and Level Annotations

Branches:
Dungeon (3/15)

Altars:


Innate Abilities, Weirdness & Mutations

You are a tree.
Your roots penetrate the ground, keeping you stationary.
You cannot be teleported.
You are immune to unholy pain and torment.
Your maximum health is greatly increased.
Your equipment is partially melded.
((You have a pair of horns on your head.))
When hurt, damage is shared between your health and your magic reserves.
You regenerate magic rapidly.


Message History

The orc is almost dead.
The orc throws a boomerang.
The boomerang hits you but does no damage.
Casting: Foxfire (safe; 3% risk of failure)
Confirm with . or Enter, or press ? or * to list all spells.
You don't have enough magic to cast this spell.
Your foxfire dissipates!
As you read the scroll labelled HYPLOH XEMP, it crumbles to dust.
You assume a fearsome visage.
The orc looks frightened!
The orc priest looks frightened!
It was a scroll of fear.
There are monsters nearby!
Cornered, the orc turns to fight!
The orc priest howls, "Help!"
Casting: Foxfire (safe; 3% risk of failure)
Confirm with . or Enter, or press ? or * to list all spells.
Flames lash the orc.
You kill the orc!
Unknown command.
Your transformation is almost over.
Casting: Scorch (safe; 4% risk of failure)
Confirm with . or Enter, or press ? or * to list all spells.
You can't see any susceptible monsters within range! (Use Z to cast anyway.) Unknown command.
You cannot move.
An orc priest is nearby!
Casting: Scorch (safe; 4% risk of failure)
Confirm with . or Enter, or press ? or * to list all spells.
Flames lash the orc priest.
The orc priest is lightly wounded.
The orc priest's fire resistance burns away.
The orc priest mumbles some strange prayers to Beogh against you.
Beogh smites you!
* * * LOW HITPOINT WARNING * * *
Casting: Scorch (safe; 4% risk of failure)
Confirm with . or Enter, or press ? or * to list all spells.
Flames lash the orc priest.
The orc priest is burned terribly!
The orc priest is severely wounded.
The orc priest calls down the wrath of Beogh upon you.
Beogh smites you!
You die...

##...####.?...(
#...# .oo..
###.†.### .[.$
#.......# ...
#.......# #+#
#...o...#
#.#####
###.).### #.#...
#.).# ##.#.#
##♣## ##....#
#...######.....#
#...†...†).....#
#...######.#.#.#
##### #.#.#.#
#.....# ###.###
#.# #.#


You could see an orc priest (combustible).

Vanquished Creatures
  Sigmund (D:3)
  4 gnolls (D:3)
  An adder (D:2)
  2 worms (D:2)
  A dart slug (D:2)
  5 orcs (D:3)
  5 bats
  5 endoplasms
  2 giant cockroaches
  3 goblins
  5 hobgoblins
  4 jackals (D:3)
  4 quokkas
  6 ball pythons
  3 frilled lizards
  4 kobolds
  3 rats
58 creatures vanquished.

Vanquished Creatures (others)
  126 foxfires
126 creatures vanquished.

Grand Total: 184 creatures vanquished

Notes
Turn   | Place    | Note
-------+----------+-------------------------------------------
     0 | D:1      | Pimp the Demonspawn Fire Elementalist began the quest for
                  | the Orb.
     0 | D:1      | Reached XP level 1. HP: 13/13 MP: 3/3
   271 | D:1      | Gained mutation: You have a pair of small horns on your
                  | head. [demonic ancestry]
   271 | D:1      | Reached XP level 2. HP: 15/19 MP: 0/5
   943 | D:2      | Gained mutation: You regenerate magic rapidly. [demonic
                  | ancestry]
   943 | D:2      | Reached XP level 3. HP: 24/24 MP: 4/6
  1207 | D:2      | Learned a level 2 spell: Scorch
  1869 | D:3      | Noticed Sigmund
  1901 | D:3      | Killed Sigmund
  1902 | D:3      | Gained mutation: When hurt, damage is shared between your
                  | health and your magic reserves. [demonic ancestry]
  1902 | D:3      | Reached XP level 4. HP: 8/30 MP: 6/8
  1902 | D:3      | Reached XP level 5. HP: 10/35 MP: 6/9
  2109 | D:3      | Found a faded altar of an unknown god.
  2242 | D:3      | Identified the +1 helmet "Hudih" {+Blink Str+3 Int-4}
  2310 | D:3      | Gained mutation: You have a pair of horns on your head.
                  | [demonic ancestry]
  2310 | D:3      | Reached XP level 6. HP: 37/41 MP: 4/10
  2390 | D:3      | Identified a scroll of acquirement
  2390 | D:3      | Acquired the staff of poison "Acaamema" {rPois Int+3}
  2449 | D:3      | Killed from afar by an orc priest

Illustrated notes

Levels and vault maps discovered:
D:1:      tarquinn_simple_flora_water_f, layout_rooms, minmay_distorted
D:2:      layout_basic, st_stairs_5
D:3:      layout_loops_corners, kennysheep_okawaru_gauntlet,
          mainiacjoe_overflow_catwalk, ebering_ecumenical_altar_box,
          uniq_sigmund, uniq_grinder

Skill      XL: |  1  2  3  4  5 |
---------------+----------------+-----
Stealth        | 2 3 |  3.1
Dodging        | 2 3 |  3.0
Fire Magic     | 3 |  3.7
Spellcasting   | 3 |  3.1
Conjurations   | 2 |  2.7

Action                     |  1- 3 |  4- 6 || total
---------------------------+-------+-------++-------
  Melee: Dagger            |    27 |       ||    27
         Unarmed           |     2 |       ||     2
         Headbutt          |     7 |     2 ||     9
         Short sword       |    17 |     7 ||    24
         Spear             |       |    11 ||    11
   Cast: Foxfire           |    63 |    17 ||    80
         Scorch            |     3 |     6 ||     9
    Use: Scroll            |     5 |     4 ||     9
         Potion            |     4 |     1 ||     5
   Stab: Sleeping          |     4 |       ||     4
 Armour: Robe              |     7 |     8 ||    15
         Skin              |       |     2 ||     2
  Dodge: Dodged            |    53 |    15 ||    68

Table legend: (Time is in decaauts)
 A = Elapsed time spent in this place.
 B = Non-inter-level travel time spent in this place.
 C = Inter-level travel time spent in this place.
 D = Time resting spent in this place.
 E = Time spent auto-exploring this place.
 F = Levels seen in this place.
 G = Mean time per level.
                   A        B        C        D        E       F      G
               +--------+--------+--------+--------+--------+-----+--------+
         Total |   2447 |   2386 |     61 |    259 |   1543 |   3 |  815.7 |
       Dungeon |   2447 |   2386 |     61 |    259 |   1543 |   3 |  815.7 |
               +--------+--------+--------+--------+--------+-----+--------+

Top non-repeatable levels by time:
     D:1: 933 daAuts
     D:2: 842 daAuts
     D:3: 671 daAuts
